 Dungeon Crawl Stone Soup version 0.30-a0-1085-g990a428a5c (webtiles) character file.

Game seed: 9200548003869961801

2 jimonade the Grasshopper (level 1, -1/19 HPs)
             Began as a Naga Warper on Apr 16, 2023.
             Frozen to death by an endoplasm (2 damage)
             ... on level 1 of the Dungeon.
             The game lasted 00:00:23 (127 turns).

jimonade the Grasshopper (Naga Warper)               Turns: 127, Time: 00:00:23

Health: -1/19      AC:  2    Str: 13    XL:     1   Next: 40%
Magic:  3/3        EV:  9    Int: 13    God:
Gold:   13         SH:  0    Dex: 10    Spells: 4/4 levels left

rFire   . . .      SeeInvis +    a - +0 falchion
rCold   . . .      Faith    .    (no shield)
rNeg    . . .      Spirit   .    b - +0 leather armour
rPois   +          Reflect  .    (no helmet)
rElec   .          Rampage  .    e - +0 cloak
rCorr   .                        (no gloves)
Will    .....                    (no barding)
Stlth   +                        (no amulet)
HPRegen 0.23/turn                (no ring)
MPRegen 0.08/turn                (no ring)

@: very slow
A: AC +0, large, see invisible, deformed body, poison resistance, slowness 2,
spit poison 1, naga tail 1
a: Spit Poison


You were on level 1 of the Dungeon.
You visited 1 branch of the dungeon, and saw 1 of its levels.

You collected 13 gold pieces.

Inventory:

Hand Weapons
 a - a +0 falchion (weapon)
Missiles
 d - 7 boomerangs of dispersal
Armour
 b - a +0 leather armour (worn)
 e - a +0 cloak (worn)
Scrolls
 c - a scroll of blinking


   Skills:
 + Level 2.0 Fighting
 + Level 2.0 Long Blades
 + Level 0.8 Throwing
 + Level 0.7 Armour
 + Level 1.7 Dodging
 + Level 2.0 Spellcasting
 + Level 3.1 Translocations


You had 4 spell levels left.
You didn't know any spells.
Your spell library contained the following spells:

 Spells                   Type           Power      Damage    Failure   Level
 Blink                    Tloc           18%        N/A       14%         2
 Lesser Beckoning         Tloc           18%        N/A       14%         2
 Teleport Other           Tloc           9%         N/A       26%         3
 Vhi's Electric Charge    Tloc/Air       10%        N/A       45%         3
 Manifold Assault         Tloc           9%         N/A       65%         4


Dungeon Overview and Level Annotations

Branches:
Dungeon (1/15)

Altars:


Innate Abilities, Weirdness & Mutations

Your serpentine skin is tough. (AC +0)
You have supernaturally acute eyesight. (SInv)
Armour fits poorly on your strangely shaped body.
Your system is resistant to poisons. (rPois)
You cover ground very slowly.
You can spit poison.
You have a snake-like lower body.


Message History

You finish putting on your +0 cloak.
A kobold comes into view. It is wielding a +0 club.
The kobold shouts!
You miss the kobold. The kobold hits you with a +0 club.
You closely miss the kobold. The kobold barely misses you.
You hit the kobold.
The kobold is severely wounded.
An endoplasm comes into view.
The kobold hits you with a +0 club.
You closely miss the kobold.
The kobold is severely wounded.
The endoplasm quivers.
The kobold hits you with a +0 club. The kobold completely misses you.
You completely miss the kobold.
The kobold is severely wounded.
The endoplasm barely misses you. The kobold hits you with a +0 club.
You are too injured to fight recklessly!
You are too injured to fight recklessly!
You barely miss the kobold.
The kobold is severely wounded.
The endoplasm freezes you.
You are frozen.
The kobold hits you but does no damage.
You hit the endoplasm.
The endoplasm is heavily wounded.
The kobold hits you with a +0 club.
* * * LOW HITPOINT WARNING * * *
The endoplasm barely misses you.
You closely miss the kobold.
The kobold is severely wounded.
The endoplasm hits you but does no damage.
The kobold barely misses you.
You miss the kobold.
The kobold is heavily wounded.
The endoplasm freezes you.
You are frozen.
* * * LOW HITPOINT WARNING * * *
The kobold hits you but does no damage. The endoplasm freezes you.
You are frozen.
You die...

#.#.#########
#...........#
#...........#
######....[......#
+....'...........#####
######...............#
#...............##
#..........†......
#@........)......#
#KJ..............#
#...............##
................'.
.###########....## #.
##+### ##


You could see an endoplasm and a kobold.

Vanquished Creatures
  A giant cockroach (D:1)
  A kobold (D:1)
2 creatures vanquished.

Notes
Turn   | Place    | Note
-------+----------+-------------------------------------------
     0 | D:1      | jimonade the Naga Warper began the quest for the Orb.
     0 | D:1      | Reached XP level 1. HP: 19/19 MP: 3/3
   127 | D:1      | Frozen to death by an endoplasm

Illustrated notes

Levels and vault maps discovered:
D:1:      nzn_arrival_crosshair, layout_basic, ebering_ecumenical_altar_rust,
          serial_shops, nicolae_shop_tiny_waterfront, minmay_heptomino_h4

Action                     || total
---------------------------++-------
  Melee: Falchion          ||    13
Ability: Spit Poison       ||     2
 Armour: Leather armour    ||     6
  Dodge: Dodged            ||     6

Table legend: (Time is in decaauts)
 A = Elapsed time spent in this place.
 B = Non-inter-level travel time spent in this place.
 C = Inter-level travel time spent in this place.
 D = Time resting spent in this place.
 E = Time spent auto-exploring this place.
 F = Levels seen in this place.
 G = Mean time per level.
                   A        B        C        D        E       F      G
               +--------+--------+--------+--------+--------+-----+--------+
         Total |    158 |    158 |      0 |      0 |    112 |   1 |  158.0 |
       Dungeon |    158 |    158 |      0 |      0 |    112 |   1 |  158.0 |
               +--------+--------+--------+--------+--------+-----+--------+

Top non-repeatable levels by time:
     D:1: 158 daAuts
